 Dungeon Crawl Stone Soup version 0.24.0-125-gc4c63601f3 (webtiles) character file.

Game seed: 13931793173567707894, levelgen mode: deterministic

39 DavidChitty2 the Skirmisher (level 3, 0/29 HPs)
             Began as a Demonspawn Abyssal Knight on Mar 3, 2020.
             Was a Follower of Lugonu.
             Slain by Terence
             ... wielding a +0 flail
              (3 damage)
             ... on level 1 of the Dungeon.
             The game lasted 00:02:01 (1167 turns).

DavidChitty2 the Skirmisher (DsAK)                  Turns: 1167, Time: 00:02:01

Health: 0/29       AC:  3    Str: 13    XL:     3   Next: 28%
Magic:  5/5        EV: 16    Int: 13    God:    Lugonu [*.....]
Gold:   56         SH:  0    Dex: 17    Spells: 2/2 levels left

rFire    . . .     SeeInvis .   a - +1 hand axe
rCold    . . .     Gourm    .   (no shield)
rNeg     . . .     Faith    .   b - +0 leather armour
rPois    .         Spirit   .   (no helmet)
rElec    .         Reflect  .   (no cloak)
rCorr    .         Harm     .   (no gloves)
MR       .....                  (no boots)
Stlth    ++........             (no amulet)
HPRegen  0.09/turn              (no ring)
MPRegen  0.09/turn              (no ring)

@: agile, hasted, very quick
A: hooves 1, spiny 1
a: Depart the Abyss, Renounce Religion


You were on level 1 of the Dungeon.
You worshipped Lugonu.
Lugonu was aware of your devotion.
You were hungry.

You visited 1 branch of the dungeon, and saw 2 of its levels.
You visited the Abyss 1 time.

You collected 56 gold pieces.

Inventory:

Hand Weapons
 a - a +1 hand axe (weapon)
Missiles
 f - 10 poisoned darts (quivered)
Armour
 b - a +0 leather armour (worn)
Scrolls
 d - a scroll of magic mapping {unknown}
 h - a scroll of amnesia {unknown}
 i - a scroll of identify {unknown}
Comestibles
 e - 5 rations {!d}


   Skills:
 + Level 3.3 Fighting
 * Level 2.5 Axes
 + Level 2.1 Armour
 - Level 0.8 Dodging
 + Level 3.0 Invocations


You had 2 spell levels left.
You didn't know any spells.
Your spell library was empty.

Dungeon Overview and Level Annotations

Branches:
Dungeon (2/15)

Altars:

Annotations:
D:1 Terence
D:2 Robin


Innate Abilities, Weirdness & Mutations

You have large cloven feet.
You are partially covered in sharp spines.


Message History

You hear a shout! x4
The frilled lizard is struck by your spines.
You kill the frilled lizard!
Lugonu accepts your kill.
You hear a shout! x2
No target in view!
No target in view!
No target in view! 6 goblins, a hobgoblin and Robin come into view.
A goblin is wielding a +1 dagger of distortion.
Robin shouts!
The goblin shouts! x6
Robin throws the goblin at you!
Terence the Incautious comes into view.
He is wielding a +0 flail.
A kobold comes into view.
The goblin is struck by your spines. The goblin barely misses you.
The hobgoblin moves out of view.
You see here a frilled lizard corpse.
Terence shouts!
You hear a shout! x2
Robin roars a battlecry!
The goblin goes into a battle-frenzy!
Robin says, "Kneel, worm!"
You see here a +0 dagger.
There is a stone staircase leading up, spattered with blood here.
You see here 2 javelins.
You hit the goblin.
You kill the goblin!
Lugonu accepts your kill.
You barely miss Terence. Terence hits you with a +0 flail.
Terence hits you with a +0 flail.
Robin hits you from afar with a +0 spear.
You climb upwards.
There is a stone staircase leading down, spattered with blood here.
You see here an adder skeleton.
You barely miss Terence. Your kick misses Terence. Terence closely misses you.
You closely miss Terence. Terence is struck by your spines.
Terence hits you but does no damage. Terence hits you with a +0 flail!
* * * LOW HITPOINT WARNING * * *
You closely miss Terence. Terence is struck by your spines.
Terence hits you but does no damage.
You hit Terence but do no damage. Terence is struck by your spines.
Terence hits you with a +0 flail.
* * * LOW HITPOINT WARNING * * *
It was a potion of agility.
You feel agile all of a sudden. Terence closely misses you.
It was a potion of haste.
You feel yourself speed up.
You slash Terence! You kick Terence, but do no damage.
Terence hits you with a +0 flail.
You die...

#......# #.## # #......#
######## #..### #......#
#......########.... #......#
#####.[............ #......#
###............ #......#
#####...#..#.
####..#############...##..)..
##.................#....####
##......>..>@.#####...#### #
#...........@..#....###
#.>......[..)..).####
#..............###
#..............#
#..............#
##............#####
##...............#
####.##########.####


You could see Terence.

Vanquished Creatures
  An adder (D:1)
  A worm (D:2)
  3 bats (D:1)
  3 giant cockroaches (D:1)
  5 goblins
  5 hobgoblins
  A ball python (D:1)
  5 frilled lizards
  2 kobolds (D:1)
26 creatures vanquished.

Notes
Turn   | Place    | Note
-------+----------+-------------------------------------------
     0 | Abyss:1  | DavidChitty2 the Demonspawn Abyssal Knight began the quest
                  | for the Orb.
     0 | Abyss:1  | Reached XP level 1. HP: 18/18 MP: 2/2
    40 | Abyss:1  | Noticed a hellephant
    41 | D:1      | Escaped the Abyss
   319 | D:1      | Gained mutation: You have large cloven feet. [demonic
                  | ancestry]
   319 | D:1      | Reached XP level 2. HP: 15/24 MP: 4/4
   463 | D:1      | Reached * piety under Lugonu
   777 | D:1      | Gained mutation: You are partially covered in sharp spines.
                  | [demonic ancestry]
   777 | D:1      | Reached XP level 3. HP: 6/29 MP: 5/5
   794 | D:1      | HP: 2/43 [poisoned by an adder]
  1136 | D:2      | Identified the +0 helmet of Forphes {Dex+7}
  1136 | D:2      | Noticed Robin
  1136 | D:2      | Noticed Terence
  1167 | D:1      | Slain by Terence

Levels and vault maps discovered:
D:1:      saegor_arrival_miasma, layout_rooms
D:2:      layout_basic, overflow_temple_1_default, minmay_tromino_i4,
          uniq_terence, uniq_robin

Skill      XL: |  1  2 |
---------------+-------+-----
Axes           | 2 |  2.5
Armour         | 2 |  2.1
Invocations    | 3 |  3.0
Fighting       | |  3.3
Dodging        | |  0.8

Action                   || total
-------------------------++-------
Melee: Hand axe          ||    81
       Kick              ||    13
Invok: Depart the Abyss  ||     1
  Use: Potion            ||     3
Armor: Leather armour    ||    25
       Skin              ||     1
Dodge: Dodged            ||    73
